 Dungeon Crawl Stone Soup version 0.24-a0-282-g1a68c91 (webtiles) character file.

Game seed: 3399774513161319141

6775 Ijustatesigmund the Epochal (level 11, -1/75 HPs)
             Began as an Octopode Artificer on May 3, 2019.
             Was an Elder of Cheibriados.
             Slain by a catoblepas (22 damage)
             ... on level 10 of the Dungeon.
             The game lasted 00:32:20 (13415 turns).

Ijustatesigmund the Epochal (Octopode Artificer)   Turns: 13415, Time: 00:32:20

Health: -1/75      AC:  1    Str: 22    XL:     11   Next: 4%
Magic:  17/17      EV: 18    Int: 22    God:    Cheibriados [****..]
Gold:   582        SH:  0    Dex: 24    Spells: 10/10 levels left

rFire    . . .     SeeInvis .   c - +5 dire flail
rCold    . . .     Gourm    .   (shield currently unavailable)
rNeg     . . .     Faith    .   (helmet restricted)
rPois    .         Spirit   .   m - amulet of the acrobat
rElec    .         Reflect  .   v - ring of protection from magic
rCorr    .         Harm     .   (no ring)
MR       +....                  (no ring)
Stlth    +++++.....             (no ring)
HPRegen  0.22/turn              (no ring)
MPRegen  0.15/turn              (no ring)
                                (no ring)
                                (no ring)

@: very slow
A: almost no armour, stealthy swim, amphibious, 8 rings, constrict 8, tentacle
spike 1, camouflage 1, wild magic 1, gelatinous body 1
a: Bend Time, Temporal Distortion, Slouch, Renounce Religion


You were on level 10 of the Dungeon.
You worshipped Cheibriados.
Cheibriados was greatly pleased with you.
You were not hungry.

You visited 1 branch of the dungeon, and saw 11 of its levels.

You collected 582 gold pieces.

Inventory:

Hand Weapons
 a - a +5 flail
 c - a +5 dire flail (weapon)
Missiles
 j - 8 silver javelins (quivered)
Jewellery
 m - an amulet of the acrobat (around mantle)
 o - an uncursed ring of fire
 v - a ring of protection from magic (left tentacle)
Wands
 b - a wand of flame (28)
 k - a wand of polymorph (7)
Scrolls
 q - 3 scrolls of blinking
 s - a scroll of identify
 t - 3 scrolls of magic mapping
 w - a scroll of enchant armour
 x - 2 scrolls of fog
 y - 2 scrolls of amnesia
 z - a scroll of remove curse
Potions
 d - a potion of heal wounds
 e - 3 potions of flight
 g - a potion of ambrosia
 h - 2 potions of agility
 i - 4 potions of lignification
 l - a potion of mutation
 n - 3 potions of brilliance
 p - 5 potions of curing
Comestibles
 f - 19 rations


   Skills:
 + Level 7.6 Fighting
   Level 1.0 Short Blades
 + Level 8.1 Maces & Flails
 + Level 5.8 Dodging
 - Level 7.8 Stealth
 + Level 8.9 Invocations
 - Level 6.1 Evocations


You had 10 spell levels left.
You didn't know any spells.
Your spell library contained the following spells:

 Spells                   Type           Power        Failure   Level  Hunger
 Beastly Appendage        Tmut           #.....       24%         1    ##.....
 Corona                   Hex            #......      24%         1    ##.....
 Flame Tongue             Conj/Fire      #....        24%         1    ##.....
 Sting                    Conj/Pois      #...         24%         1    ##.....
 Ensorcelled Hibernation  Hex/Ice        #.....       34%         2    ###....
 Poisonous Vapours        Pois/Air       #.....       34%         2    ###....
 Sticks to Snakes         Tmut           #.......     34%         2    ###....
 Throw Flame              Conj/Fire      #.....       34%         2    ###....
 Confuse                  Hex            #.......     54%         3    ####...
 Conjure Flame            Conj/Fire      #.......     54%         3    ####...
 Dazzling Spray           Conj/Hex       #.....       54%         3    ####...
 Inner Flame              Hex/Fire       #.......     54%         3    ####...
 Mephitic Cloud           Conj/Pois/Air  #.......     54%         3    ####...
 Spider Form              Tmut/Pois      #.........   54%         3    ####...
 Tukima's Dance           Hex            #.......     54%         3    ####...
 Ice Form                 Ice/Tmut       #.......     90%         4    #####..
 Olgreb's Toxic Radiance  Pois           #.......     90%         4    #####..
 Sticky Flame             Conj/Fire      #.......     90%         4    #####..
 Blade Hands              Tmut           #.........   99%         5    ######.
 Fireball                 Conj/Fire      #.........   99%         5    ######.
 Venom Bolt               Conj/Pois      #.........   99%         5    ######.


Dungeon Overview and Level Annotations

Branches:
Dungeon (11/15)            Temple (0/1) D:6            Lair (0/6) D:8
    Orc (0/2) D:9

Altars:
Cheibriados
Dithmenos
Elyvilon
Fedhas
Hepliaklqana
Makhleb
Qazlal
Sif Muna
Trog
Uskayaw
Vehumet
Wu Jian
The Shining One

Annotations:
D:10 Psyche


Innate Abilities, Weirdness & Mutations

You cannot wear most types of armour.
You are very stealthy in the water. (Stealth+)
You are amphibious.
You can wear up to eight rings at the same time.
You can use your tentacles to constrict eight enemies at once.
Your skin changes colour to match your surroundings (Stealth+).
Your rubbery body absorbs attacks. (AC +1, EV +1)
One of your tentacles bears a spike.
Your spells are a little harder to cast, but a little more powerful.


Message History

The catoblepas gores you!!
You sock the catoblepas!
You pierce the catoblepas.
You squeeze the catoblepas, but do no damage.
The catoblepas is lightly wounded.
The catoblepas breathes a plume of calcifying dust at you.
The blast of calcifying dust hits you.
The catoblepas breathes a plume of calcifying dust at you.
The blast of calcifying dust hits you! The catoblepas barely misses you.
The catoblepas breathes a plume of calcifying dust at you.
The blast of calcifying dust hits you. The catoblepas misses you.
The catoblepas breathes a plume of calcifying dust at you.
The blast of calcifying dust hits you!
* * * LOW HITPOINT WARNING * * *
The catoblepas misses you. The catoblepas barely misses you.
You puncture the catoblepas!
You pierce the catoblepas, but do no damage.
The catoblepas is moderately wounded.
The catoblepas gores you!!
You die...

#####################
#....................
#....................
#..######...#########
#..######...#########
#....................
#....................
#.............#######
#...@Y........#
#...§§........#######
#..§.................
#.§..§.............Z.
#§...§...............
#..#####..###########
#....................
#..........Z.........
#....................


You could see a catoblepas and a howler monkey skeleton.

Vanquished Creatures
  The ghost of MisterFreud the Slasher, a novice OpFi of Cheibriados (D:6)
  Joseph (D:9)
  A tengu conjurer (D:6)
  Grinder (D:3)
  A hippogriff (D:8)
  A wyvern (D:8)
  A yak (D:11)
  A hungry ghost (D:10)
  3 water moccasins
  3 ice beasts
  A sky beast (D:8)
  4 orc warriors
  3 ogres
  2 phantoms
  3 centaurs
  A big kobold (D:9)
  5 bullfrogs
  2 scorpions (D:8)
  12 killer bees
  14 wights
  A bullfrog zombie (D:10)
  7 crimson imps
  A jelly (D:5)
  A centaur zombie (D:10)
  Crazy Yiuf (D:3)
  5 hounds
  6 orc priests
  9 orc wizards
  Jessica (D:3)
  5 iguanas
  4 worker ants
  A hound zombie (D:11)
  A hound skeleton (D:5)
  2 howler monkey zombies
  A worker ant zombie (D:5)
  3 gnolls (D:6)
  14 adders
  A howler monkey skeleton (D:5)
  3 shadow imps
  2 oozes
  3 adder skeletons
  3 worms
  A dart slug (D:1)
  2 leopard geckos
  37 orcs
  6 bats
  6 giant cockroaches
  7 goblins
  2 hobgoblins
  13 jackals
  2 quokkas
  5 ball pythons
  7 frilled lizards
  11 kobolds
  9 rats
244 creatures vanquished.

Vanquished Creatures (collateral kills)
  3 wights
3 creatures vanquished.

Vanquished Creatures (others)
  A hornet (D:8)
  2 killer bees (D:8)
  A wight (D:7)
  A hound (D:8)
  2 orcs (D:5)
  A fungus (D:8)
8 creatures vanquished.

Grand Total: 255 creatures vanquished

Notes
Turn   | Place    | Note
-------+----------+-------------------------------------------
     0 | D:1      | Ijustatesigmund the Octopode Artificer began the quest for
                  | the Orb.
     0 | D:1      | Reached XP level 1. HP: 13/13 MP: 3/3
   286 | D:1      | Reached XP level 2. HP: 19/19 MP: 4/4
   693 | D:1      | Reached XP level 3. HP: 21/25 MP: 5/5
  1903 | D:2      | Found a burning altar of Makhleb.
  1955 | D:2      | Reached XP level 4. HP: 31/31 MP: 6/6
  2798 | D:3      | Found a runed translucent door.
  2799 | D:3      | Noticed Crazy Yiuf
  2804 | D:3      | Killed Crazy Yiuf
  2804 | D:3      | Reached XP level 5. HP: 26/36 MP: 7/7
  3248 | D:3      | Noticed Grinder
  3252 | D:3      | Paralysed by Grinder for 3 turns
  3258 | D:3      | Killed Grinder
  3258 | D:3      | Reached XP level 6. HP: 32/44 MP: 8/8
  3389 | D:3      | Reached skill level 5 in Fighting
  3552 | D:3      | Noticed Jessica
  3558 | D:3      | Killed Jessica
  3558 | D:3      | Reached skill level 1 in Maces & Flails
  3845 | D:4      | Reached XP level 7. HP: 39/50 MP: 9/9
  4736 | D:5      | Entered Level 5 of the Dungeon
  5019 | D:5      | Gained mutation: One of your tentacles bears a spike.
                  | [potion of mutation]
  5019 | D:5      | Gained mutation: Your spells are a little harder to cast,
                  | but a little more powerful. [potion of mutation]
  5040 | D:5      | Reached skill level 5 in Maces & Flails
  5062 | D:5      | Reached XP level 8. HP: 27/55 MP: 10/10
  5223 | D:5      | Found a snail-covered altar of Cheibriados.
  5237 | D:5      | Became a worshipper of Cheibriados the Contemplative
  5263 | D:5      | Found a stormy altar of Qazlal.
  5643 | D:6      | Found a transporter.
  5646 | D:6      | Found a shadowy altar of Dithmenos.
  5646 | D:6      | Found a transporter.
  5646 | D:6      | Noticed a tengu conjurer
  5681 | D:6      | Found a radiant altar of Vehumet.
  5685 | D:6      | Found a runed translucent gate.
  5685 | D:6      | Found a runed translucent gate.
  5696 | D:6      | Found a runed translucent gate.
  5698 | D:6      | Noticed MisterFreud's ghost (novice OpFi)
  5767 | D:6      | Reached skill level 1 in Invocations
  5777 | D:6      | Found a shadowy altar of Dithmenos.
  5885 | D:6      | Found a staircase to the Ecumenical Temple.
  6160 | D:6      | Found a deep blue altar of Sif Muna.
  6160 | D:6      | Found a glowing golden altar of the Shining One.
  7123 | D:6      | Reached * piety under Cheibriados
  7397 | D:7      | Reached XP level 9. HP: 30/62 MP: 12/12
  7855 | D:7      | Reached skill level 5 in Dodging
  8099 | D:7      | Reached skill level 5 in Invocations
  8356 | D:8      | Noticed a hornet
  8357 | D:8      | Found a staircase to the Lair.
  8809 | D:8      | Reached ** piety under Cheibriados
  8839 | D:8      | Reached skill level 5 in Stealth
  9301 | D:8      | Reached skill level 5 in Evocations
  9621 | D:7      | Reached XP level 10. HP: 46/68 MP: 15/15
  9919 | D:7      | Reached *** piety under Cheibriados
 10415 | D:7      | Found a bloodstained altar of Trog.
 10537 | D:6      | Killed MisterFreud's ghost
 11300 | D:8      | Found a blossoming altar of Fedhas.
 11302 | D:8      | Found a stormy altar of Qazlal.
 11845 | D:8      | Found an ornate altar of the Wu Jian Council.
 11923 | D:9      | Reached **** piety under Cheibriados
 11986 | D:9      | Noticed Joseph
 11996 | D:9      | Killed Joseph
 12206 | D:9      | Found a staircase to the Orcish Mines.
 12301 | D:9      | Found a hide-covered altar of Uskayaw.
 12301 | D:9      | Found a white marble altar of Elyvilon.
 12395 | D:9      | Found a hazy altar of Hepliaklqana.
 12592 | D:10     | Entered Level 10 of the Dungeon
 13068 | D:10     | Noticed Psyche
 13087 | D:11     | Reached XP level 11. HP: 72/75 MP: 17/17
 13396 | D:10     | Noticed a catoblepas
 13415 | D:10     | Slain by a catoblepas

Levels and vault maps discovered:
D:1:      dpeg_chamrin_arrival_tetris, layout_basic
D:2:      layout_basic, overflow_temple_1_default, eino_tiny_chamber
D:3:      layout_loops_corners, uniq_grinder, uniq_crazy_yiuf_cottage,
          uniq_jessica
D:4:      layout_cave_pods, st_stairs_6
D:5:      layout_rooms, cheibriados_altar_1, first_ration,
          nicolae_qazlal_general_emergency
D:6:      layout_loops_ring, old_standard_altar,
          gammafunk_temple_overflow_arena, gammafunk_temple_overflow_pools,
          minmay_temple_entry_mist, ebering_ghost_rock_garden,
          grunt_dithmenos_smoke
D:7:      layout_rooms, lightli_temple_of_fire, grunt_ogre_cave
D:8:      layout_loops_ring, grunt_temple_overflow_forces_of_nature,
          marbit_many_paths, lair_entry_dummy
D:9:      layout_irregular_city, gammafunk_temple_overflow_wave,
          overflow_temple_1_default, orc_0_dummy, uniq_joseph
D:10:     layout_long_grid, uniq_maurice, uniq_psyche
D:11:     layout_basic

Skill      XL: |  1  2  3  4  5  6  7  8  9 10 |
---------------+-------------------------------+-----
Fighting       | 2 3 4 5 6 7 |  7.6
Stealth        | 2 4 6 7 |  7.8
Dodging        | 3 4 5 |  5.8
Maces & Flails | 1 5 6 8 |  8.1
Invocations    | 4 6 8 |  8.9
Evocations     | 5 6 |  6.1
Short Blades   | |  1.0

Action                   |  1- 3 |  4- 6 |  7- 9 | 10-12 || total
-------------------------+-------+-------+-------+-------++-------
Melee: Short sword       |    73 |    12 |       |       ||    85
       Constrict         |    19 |    14 |    59 |    27 ||   119
       Tentacles         |    12 |     8 |    59 |    34 ||   113
       Quarterstaff      |       |    29 |       |       ||    29
       Flail             |       |    13 |   247 |    14 ||   274
       Kick              |       |       |    75 |    59 ||   134
       Dire flail        |       |       |       |   122 ||   122
Throw: Javelin           |       |     1 |     4 |       ||     5
Invok: Slouch            |       |       |       |     1 ||     1
Evoke: Wand              |     1 |     3 |    29 |     5 ||    38
  Use: Scroll            |    10 |     4 |    14 |     7 ||    35
       Potion            |       |     3 |     8 |     3 ||    14
 Stab: Sleeping          |    13 |     6 |    10 |    11 ||    40
       Distracted        |     1 |       |     2 |     2 ||     5
       Invisible         |       |       |       |     1 ||     1
  Eat: Chunk             |     3 |     6 |     9 |       ||    18
       Ration            |       |       |     2 |     2 ||     4
Armor: Skin              |     5 |       |     9 |     2 ||    16
Dodge: Dodged            |    31 |    43 |   249 |   118 ||   441

Table legend:
 A = Non-vault XP
 B = Vault XP
 C = Vault XP percentage of total XP
 D = Non-vault monster count
 E = Vault monster count
 F = Vault count percentage of total count
                 A         B        C        D         E       F
            +---------+---------+-------+---------+---------+-------
      Total |    7703 |    1976 |  20.4 |     236 |      13 |   5.2
            +---------+---------+-------+---------+---------+-------
        D:1 |      56 |       0 |   0.0 |      32 |       0 |   0.0
        D:2 |      52 |       0 |   0.0 |      12 |       0 |   0.0
        D:3 |      97 |     379 |  79.6 |      23 |       3 |  11.5
        D:4 |     181 |      42 |  18.8 |      14 |       1 |   6.7
        D:5 |     554 |       0 |   0.0 |      22 |       0 |   0.0
        D:6 |     453 |     966 |  68.1 |      20 |       6 |  23.1
        D:7 |    1719 |     121 |   6.6 |      33 |       1 |   2.9
        D:8 |    2628 |      34 |   1.3 |      38 |       1 |   2.6
        D:9 |    1139 |     434 |  27.6 |      27 |       1 |   3.6
       D:10 |     452 |       0 |   0.0 |       6 |       0 |   0.0
       D:11 |     372 |       0 |   0.0 |       9 |       0 |   0.0
            +---------+---------+-------+---------+---------+-------
